 Dungeon Crawl Stone Soup version 0.30-a0-190-g22c9a3c0ff (webtiles) character file.

Game seed: 14303062528110626869

10815 BlueGoblin the Skirmisher (level 11, -7/83 HPs)
             Began as a Demonspawn Necromancer on Oct 4, 2022.
             Was a Believer of Kikubaaqudgha.
             Shot with an arrow by a centaur warrior (26 damage)
             ... on level 10 of the Dungeon.
             The game lasted 00:40:15 (12323 turns).

BlueGoblin the Skirmisher (Demonspawn Necromancer) Turns: 12323, Time: 00:40:16

Health: -7/83      AC:  3    Str: 14    XL:     11   Next: 41%
Magic:  21/21      EV: 17    Int: 17    God:    Kikubaaqudgha [**....]
Gold:   1893       SH:  0    Dex: 18    Spells: 9/24 levels left

rFire   . . .      SeeInvis .    b - +0 arbalest
rCold   . . .      Faith    .    (shield currently unavailable)
rNeg    . . .      Spirit   .    e - +1 robe
rPois   +          Reflect  .    r - +0 hat
rElec   .          Harm     .    (no cloak)
rCorr   .          Rampage  .    (no gloves)
Will    .....                    (no boots)
Stlth   ++........               (no amulet)
HPRegen 0.33/turn                z - ring of poison resistance
MPRegen 0.17/turn                h - +6 ring of strength

@: studying Air Magic
A: repulsion field 2, demonic guardian 1, spiny 1, demonic touch 1
a: Renounce Religion, Unearth Wretches


You were on level 10 of the Dungeon.
You worshipped Kikubaaqudgha.
Kikubaaqudgha was pleased with you.
You visited 2 branches of the dungeon, and saw 11 of its levels.

You collected 1893 gold pieces.

Inventory:

Hand Weapons
 b - a +0 arbalest (weapon)
 F - a +1 shortbow of venom
Armour
 e - a +1 robe (worn)
 p - a +0 leather armour of cold resistance
 q - a +0 leather armour of fire resistance
 r - a +0 hat (worn)
 D - a +0 kite shield
Magical Staves
 a - a staff of death
Jewellery
 h - a +6 ring of strength (right hand)
 z - a ring of poison resistance (left hand)
Wands
 j - a wand of flame (17)
 m - a wand of roots (11)
 B - a wand of quicksilver (9)
 C - a wand of charming (9)
Scrolls
 c - 10 scrolls of identify
 i - 4 scrolls of amnesia
 k - 3 scrolls of butterflies
 o - 2 scrolls of enchant armour
 s - 2 scrolls of immolation
 v - 2 scrolls of teleportation
 y - a scroll of blinking
Potions
 d - a potion of magic
 f - 4 potions of might
 g - a potion of flight
 n - a potion of ambrosia
 t - a potion of brilliance {unknown}
 u - 3 potions of curing
 w - a potion of cancellation {unknown}
 x - a potion of mutation {unknown}
 A - a potion of lignification {unknown}
 E - a potion of invisibility {unknown}
Miscellaneous
 l - a condenser vane (inert)


   Skills:
 + Level 6.9 Fighting
 + Level 11.2 Ranged Weapons
 + Level 4.3 Dodging
 - Level 1.7 Stealth
 + Level 7.2 Spellcasting
 + Level 9.4 Necromancy


You had 9 spell levels left.
You knew the following spells:

 Your Spells              Type           Power      Damage    Failure   Level
a - Animate Dead          Necr           38%        N/A       2%          4
q - Vampiric Draining     Necr           38%        2d8       1%          3
s - Dispel Undead         Necr           38%        3d16      2%          4
x - Anguish               Hex/Necr       11%        N/A       16%         4

Your spell library contained the following spells:

 Spells                   Type           Power      Damage    Failure   Level
 Kiss of Death            Conj/Necr      88%        2d12      1%          1
 Necrotise                Necr           100%       1d9       1%          1
 Cigotuvi's Dreadful Rot  Necr/Pois/Air  32%        N/A       4%          2
 Agony                    Necr           38%        N/A       7%          5
 Poisonous Vapours        Pois/Air       12%        N/A       17%         2
 Wereblood                Tmut           6%         N/A       17%         2
 Confusing Touch          Hex            6%         N/A       34%         3
 Dazzling Flash           Conj/Hex       12%        N/A       34%         3
 Ozocubu's Armour         Ice            6%         N/A       34%         3
 Death Channel            Necr           19%        N/A       36%         6
 Borgnjor's Vile Clutch   Necr/Erth      11%        N/A       41%         5
 Iskenderun's Mystic Bla  Conj/Tloc      6%         2d4       75%         4
 Simulacrum               Ice/Necr       11%        N/A       94%         6
 Metabolic Englaciation   Hex/Ice        3%         N/A       97%         5
 Yara's Violent Unravell  Hex/Tmut       3%         3d4       97%         5
 Eringya's Noxious Bog    Tmut/Pois      3%         N/A       100%        6
 Starburst                Conj/Fire      3%         6d3       100%        6
 Enfeeble                 Hex            3%         N/A       100%        7


Dungeon Overview and Level Annotations

Branches:
Dungeon (10/15)            Temple (1/1) D:7             Orc (0/2) D:10
   Lair: D:8-11

Altars:
Ashenzari
Cheibriados
Dithmenos
Fedhas
Gozag
Hepliaklqana
Kikubaaqudgha
Makhleb
Nemelex Xobeh
Okawaru
Qazlal
Ru
Sif Muna
Trog
Uskayaw
Vehumet
Wu Jian
Xom
Yredelemnul

Shops:
D:7 :

Annotations:
D:10 3 runed translucent doors, kthxbai's ghost, journeyman OpIE


Innate Abilities, Weirdness & Mutations

You are surrounded by a moderate repulsion field. (EV +3)
A weak demonic guardian rushes to your aid.
You are partially covered in sharp spines.
Your touch may inflict minor irresistible damage on your foes.


Message History

Press: ? - help, Shift-Dir - straight line, f/p - centaur warrior
Aim: a centaur warrior, wielding a +0 shortbow (almost dead, ally target, anguished, 72% to hit)
You shoot a bolt. The bolt hits the centaur warrior!
The centaur warrior is almost dead.
The centaur warrior shoots an arrow.
The arrow misses you.
The centaur warrior shoots an arrow.
The arrow hits you!
* * * LOW HITPOINT WARNING * * *
A demonic guardian appears!
The centaur warrior is wracked by anguish!
The centaur warrior dies!
Kikubaaqudgha accepts your kill.
The dead are walking!
You start resting.
A centaur warrior comes into view.
The centaur warrior wields a +0 longbow.
The centaur warrior shoots an arrow.
The arrow completely misses you.
You hear a horrible gurgling sound!
You feel much better.
Your centaur warrior zombie suddenly stops moving!
The centaur warrior shoots an arrow.
The arrow hits you!
* * * LOW HITPOINT WARNING * * *
Casting: Anguish (dangerous; 16% risk of failure)
Confirm with . or Enter, or press ? or * to list all spells.
Casting: Anguish (dangerous; 16% risk of failure)
Press: ? - help, Dir - look around, f - activate The centaur warrior resists with some effort.
Your reaping aura expires.
The centaur warrior shoots an arrow.
The arrow barely misses you.
Unknown command.
Unknown command.
Casting: Anguish (dangerous; 16% risk of failure)
Confirm with . or Enter, or press ? or * to list all spells.
You don't have enough magic to cast this spell.
Unknown command.
Unknown command.
Unknown command.
Magic courses through your body.
The centaur warrior shoots an arrow.
The arrow misses you.
The centaur warrior shoots an arrow.
The arrow hits you!!
You die...
Kikubaaqudgha rasps: "You have failed me!
Welcome... death!"

##.##Z# #.# ##.##.# #.#
##.##Z######.# #########
##.##.##.....# #.......#
#.##.##.##### #...<...#
##.##.....# #...)...#
.#.#......# #...)...#
.#.#.####.######..)).).#
.#.#..........<#@..5...##
g
.#.#####.#######......).#


.oy .......#...[.........Z.Z###..# ...........[.[.............>.#
...###.#########.####..c###..# #### #.# ###.# #........# ## #.# #...#
###.####...... .### #.#######...###...# #.#.##. ...# #.#.............### #.# #
You could see a centaur warrior (ally target), a friendly iron imp (summoned), a
friendly slime creature zombie and a friendly centaur warrior zombie
(paralysed).

Vanquished Creatures
  A two-headed ogre (D:8)
  Pikel (D:4)
  A hornet (D:8)
  A slime creature (D:10)
  Grinder (D:4)
  Sigmund (D:2)
  24 yaks
  2 steam dragons (D:7)
  4 vampire mosquitoes (D:6)
  An acid dragon (D:9)
  3 orc warriors
  A sky beast (D:6)
  2 ice beasts
  3 black bears
  2 ogres
  3 centaurs
  2 phantoms
  4 lemures (D:4)
  2 kobold brigands
  2 bullfrogs
  A necrophage (D:6)
  3 scorpions
  6 wights
  2 yak zombies (D:9)
  A howler monkey (D:6)
  4 electric eels (D:10)
  4 hounds
  4 orc priests
  3 jellies
  Ijyb (D:3)
  Natasha (thrice) (D:2)
  4 orc wizards
  5 iguanas
  8 gnolls
  8 adders
  2 white imps (D:6)
  An ufetubus (D:5)
  A worm (D:4)
  4 dart slugs
  26 orcs
  7 ball pythons
  7 endoplasms
  6 giant cockroaches
  6 goblins
  11 hobgoblins
  5 jackals
  5 quokkas
  4 bats
  2 frilled lizards (D:2)
  13 kobolds
  5 rats
223 creatures vanquished.

Vanquished Creatures (collateral kills)
  A yak (D:9)
  An orc warrior (D:10)
  An orc wizard (D:8)
  An adder (D:6)
  A shadow imp (D:8)
  3 orcs
  An endoplasm (D:1)
  2 kobolds
  A frilled lizard (D:1)
12 creatures vanquished.

Vanquished Creatures (others)
  A centaur warrior (D:10)
  An orc knight (D:10)
  A gnoll sergeant (D:10)
  9 yak zombies
  A centaur zombie (D:6)
  2 gnoll zombies (D:10)
  8 kobold zombies
  10 orc zombies
  2 plants (D:7)
35 creatures vanquished.

Grand Total: 270 creatures vanquished

Notes
Turn   | Place    | Note
-------+----------+-------------------------------------------
     0 | D:1      | BlueGoblin the Demonspawn Necromancer began the quest for
                  | the Orb.
     0 | D:1      | Reached XP level 1. HP: 13/13 MP: 3/3
   190 | D:1      | Gained mutation: You are partially covered in sharp spines.
                  | [demonic ancestry]
   190 | D:1      | Reached XP level 2. HP: 17/19 MP: 5/5
   361 | D:1      | Reached skill level 5 in Necromancy
  1087 | D:2      | Found a faded altar of an unknown god.
  1090 | D:2      | Reached XP level 3. HP: 15/24 MP: 3/6
  1625 | D:2      | Noticed Natasha
  1634 | D:2      | Killed Natasha
  1635 | D:2      | Reached XP level 4. HP: 15/31 MP: 1/8
  1639 | D:2      | Noticed Natasha
  1644 | D:2      | Learned a level 3 spell: Vampiric Draining
  1651 | D:2      | Killed Natasha
  1774 | D:2      | Noticed Natasha
  1779 | D:2      | Killed Natasha
  1780 | D:2      | Reached skill level 1 in Fighting
  1878 | D:2      | Noticed Sigmund
  2154 | D:2      | Killed Sigmund
  2155 | D:2      | Reached skill level 1 in Ranged Weapons
  2155 | D:2      | Gained mutation: You are surrounded by a mild repulsion
                  | field. (EV +2) [demonic ancestry]
  2155 | D:2      | Reached XP level 5. HP: 26/37 MP: 5/10
  2155 | D:2      | Reached XP level 6. HP: 30/43 MP: 5/11
  2367 | D:3      | Learned a level 4 spell: Animate Dead
  2376 | D:3      | Reached skill level 2 in Ranged Weapons
  2402 | D:3      | Found a stormy altar of Qazlal.
  2449 | D:3      | Noticed Ijyb
  2461 | D:3      | Killed Ijyb
  3098 | D:4      | Reached skill level 3 in Ranged Weapons
  3229 | D:4      | Noticed a +0 falchion
  3229 | D:4      | Noticed a +0 spear
  3229 | D:4      | Noticed a +0 spear
  3230 | D:4      | Noticed a +0 dagger
  3230 | D:4      | Noticed a +0 dagger
  3232 | D:4      | Noticed a +0 short sword
  3232 | D:4      | Noticed a +0 short sword
  3234 | D:4      | Found a hide-covered altar of Uskayaw.
  3234 | D:4      | Noticed a +0 falchion
  3277 | D:4      | Reached XP level 7. HP: 46/50 MP: 5/12
  3393 | D:4      | Noticed Grinder
  3393 | D:4      | Paralysed by Grinder for 2 turns
  3402 | D:4      | Paralysed by Grinder for 4 turns
  3407 | D:4      | Killed Grinder
  3408 | D:4      | Reached skill level 4 in Ranged Weapons
  3796 | D:4      | Reached skill level 5 in Ranged Weapons
  3872 | D:4      | Reached XP level 8. HP: 58/58 MP: 14/14
  3961 | D:4      | Identified 2 scrolls of acquirement
  3961 | D:4      | Acquired a staff of death
  4133 | D:4      | Acquired 1254 gold pieces
  4238 | D:4      | Noticed Pikel
  4250 | D:4      | Killed Pikel
  4251 | D:4      | Reached skill level 6 in Ranged Weapons
  4513 | D:5      | Entered Level 5 of the Dungeon
  5044 | D:5      | Reached skill level 7 in Ranged Weapons
  5849 | D:6      | Gained mutation: A weak demonic guardian rushes to your
                  | aid. [demonic ancestry]
  5849 | D:6      | Reached XP level 9. HP: 63/65 MP: 12/16
  5880 | D:6      | Found a shadowy altar of Dithmenos.
  6201 | D:6      | Learned a level 4 spell: Dispel Undead
  6215 | D:6      | Found an ornate altar of the Wu Jian Council.
  6395 | D:6      | Reached skill level 5 in Spellcasting
  6485 | D:6      | Reached skill level 8 in Ranged Weapons
  6521 | D:6      | HP: 3/66 [white imp/puff of frost (10)]
  6854 | D:6      | Reached skill level 5 in Fighting
  6854 | D:6      | Reached skill level 9 in Ranged Weapons
  7093 | D:7      | Found a broken altar of Ashenzari.
  7224 | D:7      | Found a staircase to the Ecumenical Temple.
  7277 | Temple   | Entered the Ecumenical Temple
  7395 | Temple   | Became a worshipper of Kikubaaqudgha
  7470 | D:7      | Found Boyjerik's Book Emporium.
  7543 | D:7      | Found a basalt altar of Yredelemnul.
  7634 | D:7      | Gained mutation: You are surrounded by a moderate repulsion
                  | field. (EV +3) [demonic ancestry]
  7634 | D:7      | Reached XP level 10. HP: 58/74 MP: 18/18
  8026 | D:8      | Identified the +4 spear "Lemelud" {vorpal, rPois Str+4
                  | Int+3 Dex-2}
  8358 | D:8      | Found a blossoming altar of Fedhas.
  8373 | D:8      | Noticed a two-headed ogre
  8795 | D:8      | Killed a two-headed ogre
  8795 | D:8      | Found an iron altar of Okawaru.
  9072 | D:8      | Got the Reference Book on Evolution and Pollution
  9876 | D:9      | Reached skill level 10 in Ranged Weapons
 10070 | D:9      | Reached * piety under Kikubaaqudgha
 10070 | D:9      | Received a gift from Kikubaaqudgha
 10830 | D:9      | Found a sacrificial altar of Ru.
 10961 | D:9      | Gained mutation: Your touch may inflict minor irresistible
                  | damage on your foes. [demonic ancestry]
 10961 | D:9      | Reached XP level 11. HP: 83/83 MP: 21/21
 11284 | D:10     | Entered Level 10 of the Dungeon
 11795 | D:10     | Learned a level 4 spell: Anguish
 11804 | D:10     | Reached ** piety under Kikubaaqudgha
 11941 | D:10     | Noticed a brown ugly thing
 12000 | D:10     | Found a runed translucent gate.
 12000 | D:10     | Found a runed translucent gate.
 12000 | D:10     | Found a runed translucent gate.
 12056 | D:10     | Noticed kthxbai's ghost (journeyman OpIE)
 12068 | D:10     | Found a staircase to the Orcish Mines.
 12256 | D:10     | Noticed an orc knight
 12271 | D:10     | Killed an orc knight
 12272 | D:10     | Reached skill level 11 in Ranged Weapons
 12314 | D:10     | Noticed a centaur warrior
 12318 | D:10     | Killed a centaur warrior
 12320 | D:10     | Noticed a centaur warrior
 12323 | D:10     | Shot with an arrow by a centaur warrior

Illustrated notes

Levels and vault maps discovered:
D:1:      dpeg_arrival_fog, layout_basic
D:2:      layout_basic, nicolae_ecumenical_pavilion, minmay_tetromino_t4,
          uniq_natasha, uniq_sigmund, uniq_crazy_yiuf_cottage
D:3:      layout_basic, nicolae_qazlal_scattered_showers, uniq_ijyb
D:4:      layout_basic, nicolae_uskayaw_en_pointe, portal_sewer_entry_d,
          uniq_pikel, uniq_grinder
D:5:      minmay_spotlight, layout_basic, minmay_manual_mail
D:6:      layout_basic, lemuel_round_altar, mainiacjoe_overflow_brackets
D:7:      layout_basic, nicolae_ashenzari_skybound,
          mainiacjoe_overflow_boulevard, minmay_temple_entry_tees,
          kennysheep_windowed_goal
D:8:      layout_layer_cave, mainiacjoe_overflow_cross_hatched, fedhas_altar_3
D:9:      layout_cave_pools, nicolae_ru_great_annihilating_truth
D:10:     layout_basic, orc_0_dummy, gammafunk_ghost_icy, minivault_28
Temple:   compressed_dpeg_triangle_lava_temple

Skill      XL: |  1  2  3  4  5  6  7  8  9 10 11 |
---------------+----------------------------------+-----
Dodging        | 2 3 4 |  4.3
Necromancy     | 5 6 7 8 9 |  9.4
Spellcasting   | 3 4 5 6 7 |  7.2
Fighting       | 1 2 3 4 5 6 |  6.9
Ranged Weapons | 1 3 5 7 9 10 11 | 11.2
Stealth        | |  1.7

Action                   |  1- 3 |  4- 6 |  7- 9 | 10-12 || total
-------------------------+-------+-------+-------+-------++-------
Melee: Unarmed           |    11 |       |       |       ||    11
       Club              |     5 |       |       |       ||     5
       Punch             |     1 |       |       |       ||     1
       Dagger            |       |       |    21 |       ||    21
       Staff             |       |       |       |     2 ||     2
 Fire: Sling             |    57 |   128 |   128 |       ||   313
       Shortbow          |       |       |   173 |   224 ||   397
       Arbalest          |       |       |       |    24 ||    24
 Cast: Necrotise         |    27 |     3 |       |       ||    30
       Vampiric Draining |       |     9 |    32 |    27 ||    68
       Animate Dead      |       |       |     6 |    13 ||    19
       Anguish           |       |       |       |     8 ||     8
       Dispel Undead     |       |       |       |     2 ||     2
Evoke: Wand              |       |       |     4 |       ||     4
       Condenser vane    |       |       |       |     1 ||     1
  Use: Scroll            |       |    11 |     8 |     5 ||    24
       Potion            |       |     1 |     3 |     2 ||     6
 Stab: Distracted        |     1 |       |       |       ||     1
       Sleeping          |     1 |       |       |       ||     1
Armor: Robe              |     5 |     3 |    24 |     8 ||    40
Dodge: Dodged            |    18 |    71 |   141 |   107 ||   337

Table legend: (Time is in decaauts)
 A = Elapsed time spent in this place.
 B = Non-inter-level travel time spent in this place.
 C = Inter-level travel time spent in this place.
 D = Time resting spent in this place.
 E = Time spent auto-exploring this place.
 F = Levels seen in this place.
 G = Mean time per level.
                   A        B        C        D        E       F      G
               +--------+--------+--------+--------+--------+-----+--------+
         Total |  12431 |  11336 |   1095 |   2057 |   7162 |  11 | 1130.1 |
       Dungeon |  12296 |  11216 |   1080 |   2057 |   7062 |  10 | 1229.6 |
        Temple |    134 |    119 |     15 |      0 |    100 |   1 |  134.0 |
               +--------+--------+--------+--------+--------+-----+--------+

Top non-repeatable levels by time:
     D:8: 1975 daAuts
     D:4: 1549 daAuts
     D:9: 1310 daAuts
     D:6: 1283 daAuts
     D:1: 1247 daAuts
     D:5: 1198 daAuts
    D:10: 1027 daAuts
     D:2: 1012 daAuts
     D:3: 871 daAuts
     D:7: 818 daAuts
  Temple: 134 daAuts
